 Dungeon Crawl Stone Soup version 0.32-a0-418-g34023cf50c (webtiles) character file.

Game seed: 13648196027074070190

46 Asfel the Trooper (level 3, -2/29 HPs)
             Began as a Demonspawn Monk on Feb 21, 2024.
             Killed from afar by Sigmund (7 damage)
             ... with a magic dart
             ... on level 2 of the Dungeon.
             The game lasted 00:03:20 (1316 turns).

Asfel the Trooper (Demonspawn Monk)                 Turns: 1316, Time: 00:03:21

Health: -2/29      AC:  4    Str: 11    XL:     3   Next: 46%
Magic:  3/3        EV: 13    Int: 10    God:
Gold:   76         SH:  0    Dex: 17    Spells: 2/2 levels left

rFire   . .          .
                       - Unarmed
rCold   . . .        c - orb {light}
rNeg    . . .        a - +0 robe
rPois   .            (no helmet)
rElec   .            l - +0 cloak
rCorr   .            i - +0 pair of gloves
SInv    .            (no boots)
Will    .....        (no amulet)
Stlth   +            (no ring)
HPRegen 0.24/turn    (no ring)
MPRegen 0.08/turn

%: no passive effects
@: glowing
A: demonic guardian 1
a: no special abilities


You were on level 2 of the Dungeon.
You visited 1 branch of the dungeon, and saw 2 of its levels.

You collected 76 gold pieces.

Inventory:

Armour
 a - a +0 robe (worn)
 c - an orb of light (worn)
 i - a +0 pair of gloves (worn)
 l - a +0 cloak (worn)
Scrolls
 d - 3 scrolls of revelation
 f - 2 scrolls of identify
 j - 2 scrolls of blinking
Potions
 b - a potion of ambrosia
 e - a potion of enlightenment {unknown}
 h - a potion of attraction


   Skills:
 + Level 3.4 Fighting
 + Level 3.2 Dodging
 + Level 3.3 Unarmed Combat


You had 2 spell levels left.
You didn't know any spells.
Your spell library contained the following spells:

 Spells                   Type           Power      Damage    Failure   Level
 Magic Dart               Conj           0%         1d3       36%         1
 Searing Ray              Conj           0%         2d4       50%         2
 Hailstorm                Conj/Ice       0%         3d5       75%         3
 Summon Ice Beast         Ice/Summ       0%         N/A       75%         3
 Fulminant Prism          Conj/Alch      0%         3d5       98%         4
 Sculpt Simulacrum        Ice/Alch       0%         N/A       100%        6


Dungeon Overview and Level Annotations

Branches:
Dungeon (2/15)

Altars:
Qazlal

Annotations:
D:2 Sigmund


Innate Abilities, Weirdness & Mutations

A weak demonic guardian rushes to your aid.


Message History

Sigmund is heavily wounded.
Sigmund hits you with a +0 scythe!
* * * LOW HITPOINT WARNING * * *
You hit Sigmund.
Sigmund is heavily wounded.
Your ufetubus barely misses Sigmund.
Your ufetubus hits Sigmund but does no damage.
Sigmund laughs darkly.
Sigmund closely misses you.
You barely miss Sigmund.
Sigmund is heavily wounded.
Your ufetubus closely misses Sigmund.
Your ufetubus hits Sigmund but does no damage.
You hit Sigmund but do no damage.
Sigmund is heavily wounded.
Your ufetubus slips past Sigmund!
Your ufetubus hits Sigmund. x2
Sigmund misses your ufetubus.
Your ufetubus hits Sigmund.
Your ufetubus closely misses Sigmund.
Sigmund hits something with a +0 scythe!
Sigmund shouts!
Unknown command.
Sigmund is nearby!
Sigmund points at you and mumbles some strange words.
The magic dart hits you!
* * * LOW HITPOINT WARNING * * *
A demonic guardian appears!
Your white imp hits Sigmund.
Your white imp freezes Sigmund.
Sigmund screams at your white imp, "Die, monster!"
Sigmund points at your white imp and mumbles some strange words.
The puff of flame hits your white imp!
Your white imp is burned terribly!
Your white imp dies!
Your white imp disappears in a puff of smoke!
Sigmund is nearby!
Sigmund mumbles some strange words.
Sigmund flickers and vanishes!
Deactivating autopickup; reactivate with Ctrl-A.
A magic dart appears from out of thin air!
The magic dart hits you!
You die...

* ######.#....##.#
############## *
#......####....## # *
#####..# ####..#### # * #..#
#.....## # * #..# #.###..# #
* #.@# #.# ##.# # #####..#
#.# #.# # #......#
#.####.######## #
######.#######@#<..........#
#
#.......{......######..###.#
# ########.####### ##..##.#
# #.# ##....# # #.# ######
####.#### #.# #....# #...##
#.# #....# #.#..> **
##.######....# #.###. ,*
#......##....# #.# #.


There were no monsters in sight!

Vanquished Creatures
  A dart slug (D:1)
  2 ball pythons (D:1)
  A bat (D:1)
  2 endoplasms (D:1)
  2 giant cockroaches (D:1)
  3 goblins (D:1)
  A hobgoblin (D:1)
  A quokka (D:1)
  3 frilled lizards (D:1)
  A kobold (D:1)
  9 rats
26 creatures vanquished.

Notes
Turn   | Place    | Note
-------+----------+-------------------------------------------
     0 | D:1      | Asfel the Demonspawn Monk began the quest for the Orb.
     0 | D:1      | Reached XP level 1. HP: 18/18 MP: 1/1
    64 | D:1      | Gained mutation: A weak demonic guardian rushes to your
                  | aid. [demonic ancestry]
    64 | D:1      | Reached XP level 2. HP: 24/24 MP: 2/2
   415 | D:1      | Reached XP level 3. HP: 29/29 MP: 3/3
   825 | D:2      | Found a stormy altar of Qazlal.
  1269 | D:2      | Noticed Sigmund
  1316 | D:2      | Killed from afar by Sigmund

Illustrated notes

Levels and vault maps discovered:
D:1:      dpeg_arrival_ratfight, layout_basic, hex_large
D:2:      layout_basic, basic_altar, amcnicky_mini_corridor_feature,
          uniq_crazy_yiuf_cottage, uniq_sigmund

Skill      XL: |  1  2 |
---------------+-------+-----
Unarmed Combat | 3 |  3.3
Dodging        | 3 |  3.2
Fighting       | |  3.4

Action                     || total
---------------------------++-------
  Melee: Unarmed           ||    64
    Use: Scroll            ||     6
 Armour: Robe              ||    27
  Dodge: Dodged            ||    34

Table legend: (Time is in decaauts)
 A = Elapsed time spent in this place.
 B = Non-inter-level travel time spent in this place.
 C = Inter-level travel time spent in this place.
 D = Time resting spent in this place.
 E = Time spent auto-exploring this place.
 F = Levels seen in this place.
 G = Mean time per level.
                   A        B        C        D        E       F      G
               +--------+--------+--------+--------+--------+-----+--------+
         Total |   1312 |   1255 |     57 |      0 |   1023 |   2 |  656.0 |
       Dungeon |   1312 |   1255 |     57 |      0 |   1023 |   2 |  656.0 |
               +--------+--------+--------+--------+--------+-----+--------+

Top non-repeatable levels by time:
     D:1: 810 daAuts
     D:2: 502 daAuts
